 Dungeon Crawl Stone Soup version 0.21.1-1-g345015f (webtiles) character file.

2527 kaesh the Cleaver (level 9, -1/69 HPs)
             Began as a Formicid Fighter on July 13, 2018.
             Was a Priest of Cheibriados.
             Slain by a two-headed ogre
             ... wielding a +0 giant spiked club
              (18 damage)
             ... on level 8 of the Dungeon.
             The game lasted 00:23:06 (6814 turns).

kaesh the Cleaver (Formicid Fighter)                Turns: 6814, Time: 00:23:08

Health: -1/69      AC:  9    Str: 31 (32) XL:     9   Next: 84%
Magic:  7/9        EV:  8    Int: 12 (14) God:    Cheibriados [***...]
Gold:   480        SH: 13    Dex: 16 (17) Spells: 8/8 levels left

rFire    + + .     SeeInvis +   a - +1 war axe
rCold    x . .     Gourm    .   c - +1 shield
rNeg     . . .     Faith    .   n - +0 plate armour
rPois    .         Spirit   .   (helmet unavailable)
rElec    .         Reflect  .   e - scarf {cloud immunity}
rCorr    .         Harm     .   g - +1 pair of gloves
MR       +....                  (no boots)
Stlth    ..........             (no amulet)
HPRegen  0.21/turn              r - ring of fire
MPRegen  0.11/turn              d - ring of protection from magic

@: very slow
A: permanent stasis, dig shafts and tunnels, four strong arms, antennae 3,
deformed body, fire resistance 1
a: Dig, Shaft Self, Bend Time, Temporal Distortion, Renounce Religion


You were on level 8 of the Dungeon.
You worshipped Cheibriados.
Cheibriados was most pleased with you.
You were hungry.

You visited 1 branch of the dungeon, and saw 8 of its levels.

You collected 480 gold pieces.

Inventory:

Hand Weapons
 a - a +1 war axe (weapon)
 t - the +3 morningstar of Suuth {crush, *Slow +Blink Str+2 Dex+8}
   (You found it on level 6 of the Dungeon)

   It inflicts extra damage upon your enemies.
   It affects your strength (+2).
   It affects your dexterity (+8).
   It lets you blink.
   It may slow you when you take damage.
Armour
 c - a +1 shield (worn)
 e - a scarf of cloud immunity (worn)
 g - a +1 pair of gloves (worn)
 n - a +0 plate armour (worn)
 s - the +0 ring mail of a bazaar {rN++ Dex+4}
   (You took it off Duvessa on level 6 of the Dungeon)

   It affects your dexterity (+4).
   It greatly protects you from negative energy.
Jewellery
 b - an uncursed ring of protection from magic
 d - a ring of protection from magic (right hand)
 k - a +5 ring of dexterity
 l - an uncursed ring of resist corrosion
 r - a ring of fire (left hand)
Wands
 h - a wand of disintegration (6)
Scrolls
 j - 11 scrolls of identify
 m - 2 scrolls of fog
 o - 3 scrolls of enchant armour
 p - a scroll of enchant weapon
 w - a scroll of magic mapping
Potions
 u - a potion of invisibility {unknown}
 v - a potion of heal wounds
Books
 q - a book of Callings

   Spells                             Type                      Level
   a - Summon Small Mammal            Summoning                    1
   b - Call Imp                       Summoning                    2
   c - Call Canine Familiar           Summoning                    3
   d - Summon Guardian Golem          Hexes/Summoning              3
   e - Summon Lightning Spire         Summoning/Air                4
   f - Summon Ice Beast               Ice/Summoning                4
Comestibles
 f - 11 rations


   Skills:
 + Level 6.0 Fighting
 + Level 9.3 Axes
 + Level 5.8 Armour
 + Level 1.0 Dodging
 - Level 0.1 Stealth
 + Level 7.7 Shields
 + Level 0.8 Invocations


You had 8 spell levels left.
You didn't know any spells.

Dungeon Overview and Level Annotations

Branches:
Dungeon (8/15)             Temple (0/1) D:7
   Lair: D:8-11

Altars:
Cheibriados
Dithmenos
Elyvilon
Kikubaaqudgha
Qazlal
Vehumet
The Shining One

Annotations:
D:8 Maurice


Innate Abilities, Weirdness & Mutations

You cannot be hasted, slowed, berserked, paralysed or teleported.
You can dig through walls and to a lower floor.
Your four strong arms can wield two-handed weapons with a shield.
You have a pair of large antennae on your head. (SInv)
Armour fits poorly on your strangely shaped body.
Your flesh is heat resistant. (rF+)


Message History

You block the two-headed ogre's attack.
Maurice casts a spell.
Maurice puts on a burst of speed!
You closely miss Maurice.
Maurice is almost dead.
You barely miss the two-headed ogre.
Maurice disappears!
The two-headed ogre hits you with a giant spiked club!!
The two-headed ogre closely misses you.
You hit the two-headed ogre but do no damage.
The two-headed ogre is severely wounded.
You block the two-headed ogre's attack. x2
You slash the two-headed ogre!
The two-headed ogre is severely wounded.
You hear a zap.
You hear a grinding noise.
You barely miss the two-headed ogre.
The two-headed ogre is severely wounded.
The two-headed ogre hits you with a giant spiked club!
* * * LOW HITPOINT WARNING * * *
The two-headed ogre hits you with a giant spiked club!!
You die...

...<... ##+## ......[ #
....#{{@O .......##.##...#....
................S.# ##+
........####.### #..
....>...##.....## #>.
........#.......# #..
#######.#O......#
#..##....)..@†.._......
+..#........#.......#.+
#..'(.(.....#.......#...
#####(##..#.##.....##....#
#########.##....####.####....#
......).(......... .........#
..............######....#....#
####.##..######.........#....#
.###.#####............. #....#


You could see a two-headed ogre.

Vanquished Creatures
  Prince Ribbit (D:6)
  The ghost of Pad the Insei, an amateur MfTm (D:3)
  Eustachio (D:6)
  Duvessa (D:6)
  A sky beast (D:7)
  An ice beast (D:6)
  A centaur (D:4)
  3 ogres
  2 big kobolds
  A bullfrog (D:7)
  A gnoll sergeant (D:5)
  Dowan (D:6)
  A scorpion (D:4)
  A howler monkey (D:5)
  2 crimson imps
  4 hounds
  2 jellies
  A bullfrog zombie (D:2)
  2 orc priests
  A bullfrog skeleton (D:7)
  3 centaur skeletons
  2 iguanas
  2 orc wizards
  3 worker ants
  2 hound skeletons
  3 gnolls (D:5)
  11 adders
  2 shadow imps (D:5)
  2 oozes
  2 worms
  14 dart slugs
  5 leopard geckos
  15 orcs
  7 bats
  A bat zombie (D:6)
  4 giant cockroaches
  A goblin (D:3)
  6 hobgoblins
  5 jackals (D:1)
  14 kobolds
  2 quokkas
  3 ball pythons
  3 frilled lizards
  4 rats (D:3)
  A rat zombie (D:6)
  A butterfly (D:7)
147 creatures vanquished.

Notes
Turn   | Place    | Note
-------+----------+-------------------------------------------
     0 | D:1      | kaesh the Formicid Fighter began the quest for the Orb.
     0 | D:1      | Reached XP level 1. HP: 18/18 MP: 1/1
   151 | D:1      | Reached XP level 2. HP: 24/24 MP: 2/2
   466 | D:1      | Reached XP level 3. HP: 26/29 MP: 3/3
  1353 | D:2      | Reached skill level 3 in Axes
  1513 | D:2      | Reached XP level 4. HP: 25/36 MP: 4/4
  1634 | D:3      | Noticed Pad's ghost (amateur MfTm)
  1848 | D:3      | Reached XP level 5. HP: 42/42 MP: 5/5
  1860 | D:3      | Killed Pad's ghost
  1860 | D:3      | Reached skill level 4 in Axes
  1860 | D:3      | Reached skill level 5 in Shields
  1860 | D:3      | Reached XP level 6. HP: 35/48 MP: 6/6
  1977 | D:3      | Found a snail-covered altar of Cheibriados.
  1993 | D:3      | Became a worshipper of Cheibriados the Contemplative
  2010 | D:3      | Found a radiant altar of Vehumet.
  2046 | D:3      | Found a white marble altar of Elyvilon.
  2069 | D:3      | Gained mutation: Armour fits poorly on your strangely shaped body. [potion of mutation]
  2069 | D:3      | Gained mutation: Your flesh is heat resistant. (rF+) [potion of mutation]
  2563 | D:4      | Reached skill level 5 in Axes
  2563 | D:4      | Reached XP level 7. HP: 20/54 MP: 7/7
  2936 | D:4      | Reached skill level 6 in Axes
  2936 | D:4      | Reached skill level 1 in Dodging
  3240 | D:4      | Reached XP level 8. HP: 24/61 MP: 8/8
  3455 | D:4      | Reached * piety under Cheibriados
  3749 | D:5      | Entered Level 5 of the Dungeon
  3804 | D:5      | Reached skill level 5 in Fighting
  3908 | D:5      | Found a shadowy altar of Dithmenos.
  3994 | D:5      | Reached ** piety under Cheibriados
  3994 | D:5      | Reached skill level 7 in Axes
  4548 | D:6      | Noticed Prince Ribbit
  4555 | D:6      | Noticed Eustachio
  4577 | D:6      | Reached skill level 8 in Axes
  4615 | D:6      | Killed Eustachio
  4615 | D:6      | Reached skill level 5 in Armour
  4615 | D:6      | Reached XP level 9. HP: 5/68 MP: 9/9
  4967 | D:6      | Killed Prince Ribbit
  5141 | D:6      | Noticed Duvessa
  5141 | D:6      | Noticed Dowan
  5155 | D:6      | HP: 3/68 [poisoned by Duvessa]
  5156 | D:6      | Killed Duvessa
  5157 | D:6      | Killed Dowan
  5161 | D:6      | HP: 3/69 [poisoned by Duvessa]
  5170 | D:6      | HP: 3/69 [poisoned by Duvessa]
  5501 | D:6      | Got a heavily runed ring mail
  5514 | D:6      | Identified the cursed +0 ring mail of a bazaar {rN++ Dex+4} (You took it off Duvessa on level 6 of the Dungeon)
  5529 | D:6      | Got a twisted morningstar
  5542 | D:6      | Reached skill level 9 in Axes
  5913 | D:6      | Found an ancient bone altar of Kikubaaqudgha.
  6062 | D:6      | Identified the cursed +3 morningstar of Suuth {crush, *Slow +Blink Str+2 Dex+8} (You found it on level 6 of the Dungeon)
  6359 | D:7      | Reached *** piety under Cheibriados
  6479 | D:7      | Found a staircase to the Ecumenical Temple.
  6586 | D:7      | Found a glowing golden altar of the Shining One.
  6788 | D:8      | Found a stormy altar of Qazlal.
  6795 | D:8      | Noticed Maurice
  6796 | D:8      | Noticed a two-headed ogre
  6814 | D:8      | Slain by a two-headed ogre

Skill      XL: |  1  2  3  4  5  6  7  8  9 |
---------------+----------------------------+-----
Shields        | 4 5 6 7 |  7.7
Axes           | 3 4 5 6 8 9 |  9.3
Fighting       | 4 5 6 |  6.0
Armour         | 4 5 |  5.8
Dodging        | 1 |  1.0
Stealth        | |  0.1
Invocations    | |  0.8

Action                   |  1- 3 |  4- 6 |  7- 9 || total
-------------------------+-------+-------+-------++-------
Melee: War axe           |   100 |    81 |   366 ||   547
Invok: Bend Time         |       |       |     3 ||     3
  Use: Scroll            |     8 |       |     7 ||    15
       Potion            |     2 |     3 |     5 ||    10
  Eat: Chunk             |     2 |     4 |     8 ||    14
Armor: Scale mail        |    42 |    12 |       ||    54
       Plate armour      |       |    26 |   118 ||   144
       Ring mail         |       |       |     3 ||     3
Dodge: Dodged            |    34 |    22 |    77 ||   133
Block: Shield            |    63 |    52 |   242 ||   357
